 Dungeon Crawl Stone Soup version 0.28.0-1-gb440e238dd (webtiles) character file.

Game seed: 2131217690982383535

22 styxcanada the Stinger (level 2, -4/15 HPs)
             Began as a Deep Elf Venom Mage on Feb 25, 2022.
             Slain by a black bear (8 damage)
             ... on level 2 of the Dungeon.
             The game lasted 00:04:13 (1423 turns).

styxcanada the Stinger (Deep Elf Venom Mage)        Turns: 1423, Time: 00:04:14

Health: -4/15      AC:  2    Str:  5    XL:     2   Next: 68%
Magic:  2/8        EV: 12    Int: 19    God:
Gold:   39         SH:  3    Dex: 15    Spells: 4/7 levels left

rFire   . . .      SeeInvis .   b - +0 dagger
rCold   . . .      Faith    .   d - +0 buckler
rNeg    . . .      Spirit   .   a - +0 robe
rPois   .          Reflect  .   (no helmet)
rElec   .          Harm     .   (no cloak)
rCorr   .          Rampage  .   (no gloves)
Will    .....                   (no boots)
Stlth   ++........              (no amulet)
HPRegen 0.05/turn               (no ring)
MPRegen 0.11/turn               (no ring)

@: no status effects
A: no striking features
a: no special abilities


You were on level 2 of the Dungeon.
You visited 1 branch of the dungeon, and saw 2 of its levels.

You collected 39 gold pieces.

Inventory:

Hand Weapons
 b - a +0 dagger (weapon)
Missiles
 g - 19 stones
Armour
 a - a +0 robe (worn)
 d - a +0 buckler (worn)
Scrolls
 c - a scroll of magic mapping {unknown}
 e - a scroll of teleportation {unknown}
 f - a scroll of identify {unknown}


   Skills:
 + Level 2.5 Dodging
 + Level 2.7 Stealth
 + Level 3.4 Spellcasting
 + Level 1.3 Transmutations
 + Level 3.9 Poison Magic


You had 4 spell levels left.
You knew the following spells:

 Your Spells              Type           Power      Damage    Failure   Level
a - Sting                 Tmut/Pois      52%        1d5       7%          1
b - Poisonous Vapours     Pois/Air       20%        N/A       14%         2

Your spell library contained the following spells:

 Spells                   Type           Power      Damage    Failure   Level
 Mephitic Cloud           Conj/Pois/Air  8%         N/A       34%         3
 Olgreb's Toxic Radiance  Pois           18%        N/A       36%         4


Dungeon Overview and Level Annotations

Branches:
Dungeon (2/15)

Altars:


Message History

Aiming: Poisonous Vapours (safe; 14% risk of failure)
Press: ? - help, Dir - move target, f/p - black bear
Aim: a black bear Poisonous vapours surround the black bear!
The black bear is poisoned.
A quokka comes into view.
Found a scroll labelled BATZOJ SUO.
Casting: Poisonous Vapours (safe; 14% risk of failure)
Confirm with . or Enter, or press ? or * to list all spells.
Aiming: Poisonous Vapours (safe; 14% risk of failure)
Press: ? - help, Dir - move target, f/p - black bear
Aim: a black bear (lightly wounded, poisoned) Poisonous vapours surround the black bear!
The black bear looks even sicker.
Casting: Poisonous Vapours (safe; 14% risk of failure)
Confirm with . or Enter, or press ? or * to list all spells.
Aiming: Sting (safe; 7% risk of failure)
Press: ? - help, Shift-Dir - straight line, f/p - black bear
Aim: a black bear (lightly wounded, very poisoned, 79% to hit)
The sting hits the black bear.
The black bear looks even sicker.
The black bear is moderately wounded.
Your magical contamination has completely faded away.
The black bear bites you. The black bear claws you. x2
You see here a scroll labelled WEXTUCECEE.
The black bear goes berserk!
You hear an angry hiss.
Casting: Sting (safe; 7% risk of failure)
Confirm with . or Enter, or press ? or * to list all spells.
Aiming: Sting (safe; 7% risk of failure)
Press: ? - help, Shift-Dir - straight line, f/p - black bear
Aim: a black bear (severely wounded, berserk, poisoned, 79% to hit)
The sting hits the black bear.
The black bear looks even sicker.
The black bear is severely wounded.
The black bear completely misses you. The black bear claws you.
* * * LOW HITPOINT WARNING * * *
The black bear barely misses you. The black bear misses you.
The black bear closely misses you. x2
The black bear bites you!
Ouch! That really hurt!
You die...

#<..............#
#...............#
#...............#
#...............#
#...............#
##.............##
##.....#..r..##
##########h##
.......@.#
........##
.......## .......
....... .......
....... ###.###


You could see a black bear (berserk, very poisoned).

Vanquished Creatures
  2 dart slugs (D:1)
  2 endoplasms (D:1)
  2 giant cockroaches (D:1)
  3 goblins (D:1)
  2 hobgoblins (D:1)
  A ball python (D:1)
  A bat (D:1)
  A frilled lizard (D:1)
  A kobold (D:1)
  2 rats (D:1)
17 creatures vanquished.

Notes
Turn   | Place    | Note
-------+----------+-------------------------------------------
     0 | D:1      | styxcanada the Deep Elf Venom Mage began the quest for the
                  | Orb.
     0 | D:1      | Reached XP level 1. HP: 10/10 MP: 6/6
   120 | D:1      | Reached XP level 2. HP: 15/15 MP: 2/8
   352 | D:1      | Learned a level 2 spell: Poisonous Vapours
  1398 | D:2      | Noticed a black bear
  1423 | D:2      | Slain by a black bear

Illustrated notes

Levels and vault maps discovered:
D:1:      psy_arrival_radial02, layout_basic
D:2:      layout_rooms

Action                   || total
-------------------------++-------
Melee: Dagger            ||     2
 Cast: Sting             ||    27
       Poisonous Vapours ||     5
Armor: Robe              ||     1
Dodge: Dodged            ||     5
